 Dungeon Crawl Stone Soup version 0.23.2-40-g277498a001 (webtiles) character file.

Game seed: 10462948430160427129

700 FishyPogo the Chiller (level 7, 0/46 HPs)
             Began as a Merfolk Ice Elementalist on Aug 13, 2019.
             Was an Initiate of Makhleb.
             Slain by Grinder (3 damage)
             ... while paralysed by Grinder
             ... on level 5 of the Dungeon.
             The game lasted 00:43:14 (6101 turns).

FishyPogo the Chiller (Merfolk Ice Elementalist)    Turns: 6101, Time: 00:43:15

Health: 0/46       AC:  9    Str:  9    XL:     7   Next: 65%
Magic:  12/12      EV:  2    Int: 16    God:    Makhleb [......]
Gold:   261        SH:  0    Dex: 26    Spells: 2/12 levels left

rFire    . . .     SeeInvis .   a - +4 whip
rCold    + + +     Gourm    .   s - +4 shield of Dibbiofe {rElec Dex+7}
rNeg     . . .     Faith    .   C - +3 leather armour of the Mantidfly {+Inv rC+}
rPois    +         Spirit   .   (no helmet)
rElec    +         Reflect  .   r - +1 cloak
rCorr    +         Harm     .   j - +0 pair of gloves
MR       .....                  (no boots)
Stlth    ++++......             (no amulet)
HPRegen  0.15/turn              l - ring of poison resistance
MPRegen  0.13/turn              y - ring of ice

@: paralysed, agile, resistant
A: change form in water, swift swim, stealthy swim
a: Renounce Religion, Evoke Invisibility


You were on level 5 of the Dungeon.
You worshipped Makhleb.
Makhleb was noncommittal.
You were hungry.

You visited 2 branches of the dungeon, and saw 6 of its levels.
You also visited: Sewer.

You collected 331 gold pieces.
You spent 70 gold pieces at shops.

Inventory:

Hand Weapons
 a - a +4 whip (weapon)
Missiles
 h - 150 stones (quivered)
Armour
 g - a +0 robe
 i - a +1 buckler
 j - a +0 pair of gloves (worn)
 r - a +1 cloak (worn)
 s - the +4 shield of Dibbiofe (worn) {rElec Dex+7}
   (You found it on level 5 of the Dungeon)

   It affects your dexterity (+7).
   It insulates you from electricity.
 C - the +3 leather armour of the Mantidfly (worn) {+Inv rC+}
   (You found it on level 5 of the Dungeon)

   It protects you from cold.
   It lets you turn invisible.
 D - a +0 pair of gloves
Jewellery
 l - a ring of poison resistance (left hand)
 y - a ring of ice (right hand)
Wands
 f - a wand of disintegration (3)
 p - a wand of digging (2)
 E - a wand of flame (18)
Scrolls
 b - a scroll of noise {unknown}
 e - 3 scrolls of identify
 m - 4 scrolls of teleportation
 w - 2 scrolls of enchant weapon
 A - a scroll of magic mapping
 B - a scroll of fog {unknown}
Potions
 d - 3 potions of heal wounds
 k - a potion of ambrosia {unknown}
 o - a potion of haste
 q - a potion of flight
 t - 4 potions of curing
 v - 3 potions of brilliance
 z - a potion of lignification {unknown}
Comestibles
 c - 9 rations


   Skills:
 - Level 5.0 Dodging
 - Level 3.0 Stealth
 * Level 3.9 Shields
 - Level 3.3 Spellcasting
 - Level 1.2 Conjurations
   Level 0.0 Hexes
 + Level 5.9 Ice Magic
 - Level 1.0 Air Magic


You had 2 spell levels left.
You knew the following spells:

 Your Spells              Type           Power        Failure   Level  Hunger
a - Freeze                Ice            ####         10%         1    None
b - Throw Frost           Conj/Ice       ###...       36%         2    ##.....
c - Throw Icicle          Conj/Ice       ###.....     94%         4    ####...
e - Mephitic Cloud        Conj/Pois/Air  #.......     93%         3    ###....

Your spell library contained the following spells:

 Spells                   Type           Power        Failure   Level  Hunger
 Magic Dart               Conj           #...         54%         1    None
 Confusing Touch          Hex            #.....       71%         1    None
 Blink                    Tloc           N/A          85%         2    ##.....
 Call Imp                 Summ           #.......     85%         2    ##.....
 Slow                     Hex            #.......     85%         2    ##.....
 Ozocubu's Armour         Chrm/Ice       ###.....     67%         3    ###....
 Conjure Flame            Conj/Fire      #.......     94%         3    ###....
 Confuse                  Hex            #.......     97%         3    ###....
 Gell's Gravitas          Tloc           #.........   97%         3    ###....
 Summon Ice Beast         Ice/Summ       ###.....     97%         4    ####...
 Petrify                  Tmut/Erth      #.......     100%        4    ####...
 Metabolic Englaciation   Hex/Ice        ###.......   100%        5    ######.
 Yara's Violent Unravell  Hex/Tmut       #.........   100%        5    ######.


Dungeon Overview and Level Annotations

Branches:
Dungeon (5/15)             Temple (1/1) D:4

Altars:
Cheibriados
Dithmenos
Elyvilon
Fedhas
Gozag
Hepliaklqana
Kikubaaqudgha
Makhleb
Nemelex Xobeh
Okawaru
Qazlal
Ru
Sif Muna
Trog
Uskayaw
Vehumet
Wu Jian
Xom
Yredelemnul
Zin
The Shining One

Shops:
D:4 *

Annotations:
D:4 1 runed translucent door, Crazy Yiuf
D:5 4 exclusions, Eustachio, Grinder


Message History

You feel protected. You block Grinder's attack.
You closely miss Grinder.
Grinder is severely wounded.
You block Grinder's attack.
Your shield prevents you from hitting Grinder.
Grinder is severely wounded.
Grinder barely misses you.
You hit Grinder.
Grinder is almost dead.
Grinder closely misses you. You block Grinder's attack.
You hit Grinder.
Grinder is almost dead.
Grinder gestures at you.
You suddenly lose the ability to move!
Grinder gestures at you. Pain shoots through your body!
* * * LOW HITPOINT WARNING * * *
Grinder hits you.
You die...

#.#########
#.# .#
#######.
#.........#
#.# .# .......
#########)#
#.# .# #####.#
#.#
###.##.######
#.# #.#
#............
..# #.#
#.###..#####
#### #.# #.#
#..# # #.# #.#
#..# # #.# #@#
#..# ## #.#
#5# #..# ####.
#รท# #.#
#..#######....
#(# #.#
#.............
#.# #.#
#.########.##.
#.####.#
#.########.###
#...>..#
#..........#
########
############


You could see Grinder.

Vanquished Creatures
  Edmund (D:4)
  3 big kobolds (Sewer)
  A crimson imp (D:5)
  An orc wizard (D:5)
  Ijyb (D:4)
  3 worker ants
  A hound skeleton (D:5)
  5 adders
  A river rat (D:3)
  5 oozes
  A worm (D:2)
  3 leopard geckos
  14 orcs
  A ball python (Sewer)
  12 bats
  10 giant cockroaches
  9 goblins
  5 hobgoblins
  4 jackals
  A quokka (D:4)
  6 frilled lizards
  25 kobolds
  7 rats
  A plant (Sewer)
121 creatures vanquished.

Notes
Turn   | Place    | Note
-------+----------+-------------------------------------------
     0 | D:1      | FishyPogo the Merfolk Ice Elementalist began the quest for
                  | the Orb.
     0 | D:1      | Reached XP level 1. HP: 13/13 MP: 3/3
   117 | D:1      | Reached XP level 2. HP: 3/19 MP: 3/5
   135 | D:1      | Learned a level 2 spell: Throw Frost
  1319 | D:1      | Reached XP level 3. HP: 24/24 MP: 3/6
  2413 | D:2      | Reached skill level 1 in Shields
  2413 | D:2      | Reached XP level 4. HP: 30/30 MP: 0/7
  2585 | D:3      | Found an ornate altar of the Wu Jian Council.
  2946 | D:3      | Found an opulent altar of Gozag.
  3007 | D:3      | Found a hide-covered altar of Uskayaw.
  3169 | D:3      | Found a glowing drain.
  3173 | Sewer    | Entered a sewer
  3215 | Sewer    | Reached XP level 5. HP: 35/35 MP: 3/8
  3235 | Sewer    | Noticed a big kobold
  3259 | Sewer    | Killed a big kobold
  3346 | Sewer    | Noticed a big kobold
  3362 | Sewer    | Killed a big kobold
  3362 | Sewer    | Reached skill level 5 in Ice Magic
  3362 | Sewer    | Reached XP level 6. HP: 41/41 MP: 6/10
  3901 | D:4      | Noticed Edmund
  4141 | D:4      | Killed Edmund
  4141 | D:4      | Reached XP level 7. HP: 46/46 MP: 6/11
  4303 | D:4      | Noticed Ijyb
  4564 | D:4      | Killed Ijyb
  4578 | D:4      | Learned a level 4 spell: Throw Icicle
  4659 | D:4      | Reached skill level 5 in Dodging
  4712 | D:4      | Found a runed translucent door.
  4713 | D:4      | Noticed Crazy Yiuf
  4730 | D:4      | Found a staircase to the Ecumenical Temple.
  4755 | D:4      | Learned a level 1 spell: Confusing Touch
  4759 | Temple   | Entered the Ecumenical Temple
  4983 | Temple   | Became a worshipper of Makhleb the Destroyer
  5104 | D:4      | Learned a level 3 spell: Mephitic Cloud
  5183 | D:4      | Found Muskaq's Assorted Antiques.
  5186 | D:4      | Bought a scroll labeled IDONOPSY YWEY for 18 gold pieces
  5186 | D:4      | Bought a sedimented yellow potion for 16 gold pieces
  5186 | D:4      | Bought a scroll of identify for 36 gold pieces
  5465 | D:5      | Entered Level 5 of the Dungeon
  5468 | D:5      | Got a brightly glowing shield
  5479 | D:5      | Identified the +4 shield of Dibbiofe {rElec Dex+7} (You
                  | found it on level 5 of the Dungeon)
  5553 | D:5      | Reached skill level 1 in Conjurations
  5719 | D:5      | Got a pearl-encrusted leather armour
  5737 | D:5      | Identified the +3 leather armour of the Mantidfly {+Inv
                  | rC+} (You found it on level 5 of the Dungeon)
  5758 | D:5      | Noticed Grinder
  5771 | D:5      | Paralysed by Grinder for 2 turns
  5791 | D:5      | Paralysed by Grinder for 3 turns
  5812 | D:5      | Noticed Eustachio
  6079 | D:5      | Reached skill level 1 in Air Magic
  6089 | D:5      | Paralysed by Grinder for 5 turns
  6099 | D:5      | Paralysed by Grinder for 7 turns
  6101 | D:5      | Slain by Grinder

Skill      XL: |  1  2  3  4  5  6  7 |
---------------+----------------------+-----
Dodging        | 3 4 5 |  5.0
Ice Magic      | 4 5 |  5.9
Shields        | 1 2 3 |  3.9
Stealth        | 3 |  3.0
Spellcasting   | 3 |  3.3
Conjurations   | 1 |  1.2
Air Magic      | 1 |  1.0

Action                   |  1- 3 |  4- 6 |  7- 9 || total
-------------------------+-------+-------+-------++-------
Melee: Unarmed           |    26 |       |       ||    26
       Short sword       |    11 |       |       ||    11
       Whip              |    47 |   183 |   109 ||   339
       Spear             |     6 |       |       ||     6
       Tailslap          |     1 |    14 |       ||    15
Throw: Stone             |     7 |     1 |       ||     8
 Cast: Freeze            |    25 |    17 |    19 ||    61
       Throw Frost       |    20 |    12 |    20 ||    52
  Use: Scroll            |     4 |     3 |     7 ||    14
       Potion            |       |       |     7 ||     7
 Stab: Sleeping          |     9 |     2 |       ||    11
       Distracted        |       |       |     1 ||     1
  Eat: Chunk             |     7 |     6 |     7 ||    20
Armor: Robe              |    31 |    34 |     9 ||    74
       Leather armour    |       |       |    10 ||    10
Dodge: Dodged            |    77 |   124 |    59 ||   260
Block: Buckler           |       |    19 |    10 ||    29
       Shield            |       |       |    48 ||    48
